 Dungeon Crawl Stone Soup version 0.30-a0-743-gbfdf073431 (webtiles) character file.

Game seed: 11650439321631157280

6533 Querens the Prestidigitator (level 10, -1/44 HPs)
             Began as a Spriggan Enchanter on Feb 6, 2023.
             Slain by a troll (16 damage)
             ... on level 10 of the Dungeon.
             The game lasted 00:33:12 (6058 turns).

Querens the Prestidigitator (Spriggan Enchanter)    Turns: 6058, Time: 00:33:13

Health: -1/44      AC:  4    Str:  4    XL:     10   Next: 69%
Magic:  10/23      EV: 22    Int: 17    God:
Gold:   286        SH:  0    Dex: 20    Spells: 9/25 levels left

rFire   . . .      SeeInvis +    w - +1 dagger (holy)
rCold   + . .      Faith    .    (no shield)
rNeg    + . .      Spirit   .    S - +0 troll leather armour
rPois   .          Reflect  .    (helmet restricted)
rElec   .          Harm     .    K - scarf {+Inv}
rCorr   .          Rampage  .    (gloves unavailable)
Will    +....                    (boots unavailable)
Stlth   +++                      q - amulet of magic regeneration
HPRegen 1.07/turn                G - ring of protection from cold
MPRegen 0.58/turn                j - ring of positive energy

@: very quick
A: very small, no large weapons, unfitting armour, see invisible, speed 3
a: Evoke Invisibility


You were on level 10 of the Dungeon.
You visited 2 branches of the dungeon, and saw 11 of its levels.
You also visited: Ossuary.

You collected 814 gold pieces.
You spent 528 gold pieces at shops.

Inventory:

Hand Weapons
 b - a +1 dagger of venom
 w - a +1 dagger of holy wrath (weapon)
 J - a +1 dagger of protection
Armour
 i - a +0 cloak
 E - a +2 robe of cold resistance
 K - a scarf of invisibility (worn)
 S - a +0 troll leather armour (worn)
Jewellery
 d - a +6 ring of strength
 j - a ring of positive energy (right hand)
 n - a ring of ice
 o - a ring of ice
 q - an amulet of magic regeneration (around neck)
 G - a ring of protection from cold (left hand)
 H - a ring of fire
 N - a ring of fire
 Q - a ring of ice
Wands
 A - a wand of quicksilver (9)
 B - a wand of polymorph (5)
 C - a wand of flame (23)
 O - a wand of mindburst (7)
Scrolls
 a - 2 scrolls of immolation {unknown}
 e - 2 scrolls of magic mapping {unknown}
 f - 3 scrolls of blinking {unknown}
 l - 2 scrolls of torment {unknown}
 m - 4 scrolls of teleportation
 p - a scroll of enchant weapon {unknown}
 r - 3 scrolls of fear
 t - 2 scrolls of summoning {unknown}
 v - a scroll of poison {unknown}
 y - a scroll of brand weapon {unknown}
 z - 6 scrolls of fog
 L - a scroll of vulnerability {unknown}
 M - a scroll of enchant armour {unknown}
 P - a scroll of identify
Potions
 c - 3 potions of invisibility
 g - 6 potions of curing
 h - 3 potions of resistance
 k - 3 potions of berserk rage
 s - 4 potions of mutation
 u - 2 potions of attraction
 x - a potion of might
 D - a potion of brilliance {unknown}
 F - a potion of flight
 I - a potion of heal wounds
 R - a potion of lignification {unknown}


   Skills:
 + Level 9.5 Short Blades
 - Level 8.7 Dodging
 - Level 4.4 Stealth
 - Level 8.0 Spellcasting
 - Level 8.4 Hexes
 * Level 11.2 Evocations


You had 9 spell levels left.
You knew the following spells:

 Your Spells              Type           Power      Damage    Failure   Level
a - Ensorcelled Hibernat  Hex/Ice        42%        N/A       4%          2
b - Confusing Touch       Hex            35%        N/A       1%          3
c - Dazzling Flash        Conj/Hex       42%        N/A       10%         3
d - Tukima's Dance        Hex            35%        N/A       1%          3
e - Beastly Appendage     Tmut           12%        N/A       19%         1
f - Wereblood             Tmut           6%         N/A       28%         2
g - Passwall              Tmut/Erth      5%         N/A       28%         2

Your spell library contained the following spells:

 Spells                   Type           Power      Damage    Failure   Level
 Spider Form              Tmut/Pois      6%         N/A       50%         3
 Swiftness                Air            6%         N/A       50%         3


Dungeon Overview and Level Annotations

Branches:
Dungeon (10/15)            Temple (1/1) D:7             Orc (0/2) D:10
Ossuary (visited)
   Lair: D:8-11

Altars:
Ashenzari
Cheibriados
Dithmenos
Elyvilon
Fedhas
Gozag
Hepliaklqana
Kikubaaqudgha
Makhleb
Nemelex Xobeh
Okawaru
Qazlal
Ru
Sif Muna
Trog
Uskayaw
Vehumet
Xom
Yredelemnul
Zin
The Shining One

Shops:
D:3 *   D:5 [   D:7 ([*!:


Innate Abilities, Weirdness & Mutations

You are very small and have problems with some larger weapons.
You are too small for most types of armour.
You have supernaturally acute eyesight. (SInv)
You cover ground extremely quickly. (Speed+++)


Message History

The gnoll sergeant hits you with a +0 trident!
An orc comes into view. It is wielding a +0 hand axe.
Casting: Ensorcelled Hibernation (safe; 4% risk of failure)
Confirm with . or Enter, or press ? or * to list all spells.
Aiming: Ensorcelled Hibernation (safe; 4% risk of failure)
Press: ? - help, Shift-Dir - straight line, f/p - gnoll sergeant
Aim: a gnoll sergeant, wielding a +0 trident, wearing a +0 ring mail and wearing a +0 buckler (chance to affect: 53%)
The gnoll sergeant looks drowsy...
The ogre shouts!
The helpless gnoll sergeant fails to defend itself.
You perforate the gnoll sergeant like a sieve!!!
You kill the gnoll sergeant!
A kobold brigand comes into view.
It is wielding a +0 dagger and quivering poisoned darts.
A gnoll comes into view. It is wielding a +0 whip.
You hit the orc.
The orc is severely wounded.
You hit the orc.
The orc is almost dead.
The orc hits you but does no damage.
You hit the orc.
You kill the orc!
Casting: Ensorcelled Hibernation (safe; 4% risk of failure)
Confirm with . or Enter, or press ? or * to list all spells.
Aiming: Ensorcelled Hibernation (safe; 4% risk of failure)
Press: ? - help, Shift-Dir - straight line, f - troll
Aim: a troll (chance to affect: 53%)
The troll resists with significant effort.
The troll misses you. The troll claws you. The troll claws you!
* * * LOW HITPOINT WARNING * * *
The gnoll sergeant misses you.
Casting: Ensorcelled Hibernation (safe; 4% risk of failure)
Confirm with . or Enter, or press ? or * to list all spells.
Aiming: Ensorcelled Hibernation (safe; 4% risk of failure)
Press: ? - help, Shift-Dir - straight line, f/p - troll
Aim: a troll (chance to affect: 53%)
The troll looks drowsy...
A gnoll comes into view. It is wielding a +0 whip.
The troll shouts!
The troll bites you!
You die...

#..<...#####
###.†......#
##.......#
#.......#
#.......#
#.......#
#.......#
#..).#.##
#....#@#
###.##T#
#.##gg.g>K.#
#. #.#OK...#
#. #.#8g..8#
#.# #####
..# ###


You could see a troll, an ogre, a gnoll sergeant and 2 gnolls.

Vanquished Creatures
  A deep elf zephyrmancer (D:7)
  Pikel (D:5)
  Maurice (D:9)
  A manticore (D:9)
  2 trolls
  A wyvern (D:8)
  8 yaks (D:9)
  A basilisk (D:9)
  Edmund (D:6)
  3 orc warriors (D:10)
  2 black bears
  3 sky beasts
  2 ogres
  4 kobold brigands
  An elf zombie (Ossuary)
  3 necrophages
  A gnoll sergeant (D:10)
  3 bullfrogs
  A scorpion (D:6)
  3 wights
  3 killer bees (D:5)
  An electric eel (D:8)
  4 howler monkeys (D:8)
  3 human zombies (Ossuary)
  3 hounds
  4 orc priests
  A jelly (D:5)
  An iguana (D:6)
  5 orc wizards
  Terence (D:3)
  4 mummies
  4 gnolls (D:2)
  3 adders
  A shadow imp (D:5)
  A worm (D:2)
  2 dart slugs
  31 orcs
  5 bats
  6 endoplasms
  3 giant cockroaches
  4 gnoll zombies (Ossuary)
  10 hobgoblins
  10 jackals
  19 kobolds
  2 quokkas
  5 ball pythons
  3 frilled lizards (D:1)
  8 goblins
  2 goblin zombies (Ossuary)
  5 hobgoblin zombies
  3 orc zombies
  9 rats
209 creatures vanquished.

Vanquished Creatures (others)
  A dancing weapon (D:5)
1 creature vanquished.

Grand Total: 210 creatures vanquished

Notes
Turn   | Place    | Note
-------+----------+-------------------------------------------
     0 | D:1      | Querens the Spriggan Enchanter began the quest for the Orb.
     0 | D:1      | Reached XP level 1. HP: 9/9 MP: 5/5
   123 | D:1      | Reached XP level 2. HP: 13/13 MP: 6/6
   346 | D:1      | Reached XP level 3. HP: 14/16 MP: 8/8
   629 | D:2      | Reached XP level 4. HP: 11/21 MP: 10/10
   632 | D:2      | Learned a level 2 spell: Ensorcelled Hibernation
   636 | D:2      | Learned a level 3 spell: Confusing Touch
   640 | D:2      | Learned a level 3 spell: Dazzling Flash
  1195 | D:3      | Noticed Terence
  1199 | D:3      | Killed Terence
  1211 | D:3      | Reached XP level 5. HP: 9/24 MP: 6/12
  1387 | D:3      | Found Toxauh's Assorted Antiques.
  1527 | D:3      | Found a stormy altar of Qazlal.
  1527 | D:3      | Found a sparkling altar of Nemelex Xobeh.
  1529 | D:3      | Found an ancient bone altar of Kikubaaqudgha.
  2048 | D:4      | Noticed an ogre
  2065 | D:4      | Killed an ogre
  2066 | D:4      | Reached skill level 5 in Hexes
  2066 | D:4      | Reached XP level 6. HP: 28/28 MP: 9/13
  2101 | D:4      | Reached skill level 5 in Dodging
  2450 | D:5      | Entered Level 5 of the Dungeon
  2454 | D:5      | Found Feudahak's Armour Boutique.
  2508 | D:5      | Reached skill level 5 in Spellcasting
  2780 | D:5      | Reached XP level 7. HP: 32/32 MP: 11/15
  2941 | D:5      | Noticed Pikel
  2978 | D:5      | Learned a level 3 spell: Tukima's Dance
  2997 | D:5      | Killed Pikel
  2998 | D:5      | Reached skill level 5 in Short Blades
  3036 | D:5      | Reached XP level 8. HP: 24/36 MP: 18/18
  3450 | D:6      | Found a sacrificial altar of Ru.
  3473 | D:6      | Found a sand-covered staircase.
  3520 | D:6      | Noticed Edmund
  3541 | D:6      | Killed Edmund
  3631 | Ossuary  | Entered an ossuary
  4024 | D:6      | Reached XP level 9. HP: 39/39 MP: 19/21
  4052 | D:6      | Reached skill level 1 in Evocations
  4230 | D:7      | Found Gono's Assorted Antiques.
  4246 | D:7      | Bought a scroll labelled NEFUASCHE FYWEL for 21 gold pieces
  4246 | D:7      | Bought a scroll labelled NEFUASCHE FYWEL for 21 gold pieces
  4246 | D:7      | Bought a brown potion for 18 gold pieces
  4280 | D:7      | Found Fiolynn's Weapon Shop.
  4311 | D:7      | Found a staircase to the Ecumenical Temple.
  4321 | Temple   | Entered the Ecumenical Temple
  4505 | D:7      | Noticed a deep elf zephyrmancer
  4512 | D:7      | Killed a deep elf zephyrmancer
  4513 | D:7      | Reached skill level 2 in Evocations
  4540 | D:7      | Found Huwoedu's Book Shoppe.
  4549 | D:7      | Bought a book of Changes for 180 gold pieces
  4559 | D:7      | Learned a level 1 spell: Beastly Appendage
  4562 | D:7      | Learned a level 2 spell: Wereblood
  4565 | D:7      | Learned a level 2 spell: Passwall
  4614 | D:7      | Reached skill level 3 in Evocations
  4628 | D:7      | Found Ygusyerph's Distillery.
  4646 | D:7      | Bought a potion of curing for 36 gold pieces
  4646 | D:7      | Bought a potion of invisibility for 96 gold pieces
  4646 | D:7      | Bought a potion of mutation for 96 gold pieces
  4646 | D:7      | Bought a potion of berserk rage for 60 gold pieces
  4776 | D:7      | Found Nuadebung's Armour Emporium.
  4883 | D:8      | Reached skill level 4 in Evocations
  4914 | D:8      | Found a white marble altar of Elyvilon.
  4915 | D:8      | Found a hide-covered altar of Uskayaw.
  5176 | D:8      | Reached skill level 5 in Evocations
  5231 | D:8      | Noticed a troll
  5246 | D:8      | Killed a troll
  5247 | D:8      | Reached skill level 6 in Evocations
  5363 | D:8      | Found a bloodstained altar of Trog.
  5464 | D:8      | Reached skill level 7 in Evocations
  5585 | D:9      | Noticed a manticore
  5602 | D:9      | Killed a manticore
  5603 | D:9      | Reached XP level 10. HP: 13/44 MP: 11/23
  5642 | D:9      | Found a burning altar of Makhleb.
  5707 | D:9      | Noticed Maurice
  5720 | D:9      | Reached skill level 8 in Evocations
  5741 | D:9      | Killed Maurice
  5742 | D:9      | Reached skill level 9 in Evocations
  5838 | D:9      | Found a shadowy altar of Dithmenos.
  5913 | D:9      | Reached skill level 10 in Evocations
  5997 | D:10     | Entered Level 10 of the Dungeon
  6020 | D:10     | Found a staircase to the Orcish Mines.
  6040 | D:10     | Reached skill level 11 in Evocations
  6058 | D:10     | Slain by a troll

Illustrated notes

Levels and vault maps discovered:
D:1:      lightli_arrival_statue_moat, layout_rooms
D:2:      layout_basic
D:3:      layout_loops_corners, nicolae_overflow_hidden_temple, serial_shops,
          nicolae_shop_behind_doors, uniq_terence
D:4:      layout_cave_pools
D:5:      layout_basic, serial_shops, shop, minmay_mini_ossuary, uniq_pikel
D:6:      layout_cave_pools, mainiacjoe_overflow_chevrons,
          gup_ossuary_entry_pyramid, hangedman_decor_push, uniq_edmund
D:7:      layout_basic, temple_pool_b, serial_shops, shop,
          nicolae_stop_n_shop_1, nicolae_shop_bloodbath_and_beyond,
          nicolae_shop_hallway_plus, shop, guppyfry_early_elven_hall
D:8:      layout_cave_pods, general_overflow_altar, nicolae_overflow_squiral
D:9:      layout_cave_pools, nicolae_dithmenos_shadow_blocks,
          mainiacjoe_overflow_surrounded_room, minmay_misc_feat_plants,
          minmay_misc_feat_pillars, uniq_maurice
D:10:     layout_rooms, nzn_wu_jian_contemplation,
          kennysheep_orc_monster_closet_entryway, gammafunk_ghost_icy,
          david_defended_altar_orc
Temple:   hellmonk_temple_flake

Skill      XL: |  1  2  3  4  5  6  7  8  9 10 |
---------------+-------------------------------+-----
Dodging        | 3 4 5 6 8 |  8.7
Spellcasting   | 3 4 5 6 7 8 |  8.0
Hexes          | 4 5 6 7 8 |  8.4
Short Blades   | 2 3 4 5 6 8 9 |  9.5
Evocations     | 7 11 | 11.2
Stealth        | |  4.4

Action                     |  1- 3 |  4- 6 |  7- 9 | 10-12 || total
---------------------------+-------+-------+-------+-------++-------
  Melee: Dagger            |   137 |   204 |   273 |    50 ||   664
         Punch             |       |     1 |     5 |     1 ||     7
   Cast: Ensorcelled Hiber |       |    27 |    66 |    35 ||   128
         Confusing Touch   |       |     1 |    15 |     3 ||    19
         Tukima's Dance    |       |       |     1 |       ||     1
         Wereblood         |       |       |       |     1 ||     1
  Evoke: Wand              |       |       |     1 |       ||     1
    Use: Scroll            |       |       |     9 |       ||     9
         Potion            |       |       |     3 |       ||     3
   Stab: Sleeping          |     2 |    20 |    31 |    18 ||    71
         Confused          |       |     1 |    17 |     3 ||    21
         Distracted        |       |       |     1 |       ||     1
 Armour: Robe              |    12 |    12 |    18 |     1 ||    43
         Troll leather arm |       |       |       |     2 ||     2
  Dodge: Dodged            |   106 |   147 |   239 |    32 ||   524

Table legend: (Time is in decaauts)
 A = Elapsed time spent in this place.
 B = Non-inter-level travel time spent in this place.
 C = Inter-level travel time spent in this place.
 D = Time resting spent in this place.
 E = Time spent auto-exploring this place.
 F = Levels seen in this place.
 G = Mean time per level.
                   A        B        C        D        E       F      G
               +--------+--------+--------+--------+--------+-----+--------+
         Total |   3958 |   3654 |    304 |      0 |      0 |  12 |  329.8 |
       Dungeon |   3744 |   3442 |    302 |      0 |      0 |  10 |  374.4 |
        Temple |     60 |     59 |      1 |      0 |      0 |   1 |   60.0 |
       Ossuary |    153 |    153 |      0 |      0 |      0 |   1 |  153.0 |
               +--------+--------+--------+--------+--------+-----+--------+

Top non-repeatable levels by time:
     D:5: 642 daAuts
     D:3: 491 daAuts
     D:2: 438 daAuts
     D:8: 402 daAuts
     D:1: 388 daAuts
     D:7: 375 daAuts
     D:6: 339 daAuts
     D:9: 322 daAuts
     D:4: 296 daAuts
 Ossuary: 153 daAuts
  Temple: 60 daAuts
    D:10: 47 daAuts
